cohdb
Replays
Latest Replays
All Replays
Popular Replays
Top Player Replays
Match Explorer
How It Works
Community
CoH3 Stats
Reddit
Sign in to upload your games and track your stats! →
Sign in with Steam
Match 41013037
Unlisted
Match 41013037
Overview
Messages
Build Orders
End
Vickers Machine Gun Team
Construct Section Command Post
Dingo Light Scout Car
Infantry Section
Infantry Section
Selects Air and Sea Battlegroup
Selects Supply Surplus
Construct Field Infirmary
Construct Platoon Command Post
Humber Armored Car
Forward Retreat Point
Grenade Package
Humber Armored Car
Construct Company Command Post
Construct Resource Cache
Hunter™
The 2D Waifu Trafficker
Dark Angels
Goonsader
打飞医保卡
一千個妓女的兒子
Adelfos88
Miudai
0
0
Comments
sign in to comment!
No comments posted yet!